Map: Dusk Towers

Players

IamDrizzt - Winner!

  • Race: Protoss Protoss
  • League: Diamond

MorN

  • Race: Terran Terran
  • League: Platinum

VOD

Have the link to the VOD?

Description

Time

  • Played on: Nov. 11, 2015, 9:36 p.m.
  • Length: 5:33
Show
View Real Time Build Order
Export as new Build Order

IamDrizzt Protoss - Winner!

Build Orders: Oracle Opening 

Get SALT Encoding   

  12  0:00  Probe (Chrono Boost)  
  13  0:11  Probe (Chrono Boost)  
  14  0:19  Pylon  
  14  0:21  Probe (Chrono Boost)  
  15  0:37  Probe (Chrono Boost)  
  15  0:39  Gateway  
  16  0:48  Probe (Chrono Boost)  
  17  0:55  Assimilator  
  17  0:58  Probe (Chrono Boost)  
  18  1:09  Probe (Chrono Boost)  
  19  1:12  Assimilator  
  19  1:21  Probe (Chrono Boost)  
  19  1:23  Pylon  
  20  1:29  Cybernetics Core  
  20  1:31  Probe (Chrono Boost)  
  21  1:42  Probe (Chrono Boost)  
  22  1:52  Probe (Chrono Boost), Pylon  
  23  2:03  Probe (Chrono Boost)  
  23  2:06  Stargate  
  24  2:12  Adept  
  24  2:13  Warp Gate (Chrono Boost)  
  24  2:14  Probe (Chrono Boost)  
  27  2:23  Pylon  
  27  2:24  Probe (Chrono Boost)  
  28  2:37  Twilight Council  
  28  2:48  Probe (Chrono Boost)  
  29  2:57  Gateway x2  
  29  3:00  Oracle (Chrono Boost)  
  32  3:19  Pylon  
  32  3:49  Gateway  
  32  3:51  Oracle (Chrono Boost)  
  33  4:14  Stalker  
  33  4:15  Stalker  
  37  4:19  Stalker  
  39  4:43  Stalker x2  
  39  4:45  Zealot  
  45  4:52  Forge  
  45  5:08  Stalker x2  
  45  5:09  Stalker  
  45  5:10  Zealot  
Show
View Real Time Build Order
Export as new Build Order

MorN Terran 

Build Orders: Command Center First (CC) 

Get SALT Encoding   

  12  0:01  SCV  
  13  0:13  SCV  
  14  0:20  Supply Depot  
  14  0:25  SCV  
  15  0:41  SCV  
  16  0:57  Command Center  
  16  1:01  SCV  
  17  1:12  Barracks  
  17  1:15  SCV  
  18  1:27  SCV  
  19  1:39  SCV  
  20  1:41  Refinery  
  20  1:51  SCV  
  21  2:02  Marine  
  21  2:05  Orbital Command  
  22  2:09  Orbital Command  
  22  2:19  Marine  
  23  2:30  SCV  
  23  2:31  Barracks  
  23  2:33  Barracks  
  23  2:36  SCV  
  25  2:38  Barracks Reactor  
  25  2:42  SCV  
  26  2:48  SCV  
  27  2:54  SCV  
  28  3:00  SCV  
  29  3:07  SCV  
  29  3:11  Command Center  
  30  3:13  SCV  
  30  3:14  Refinery, Marine  
  30  3:15  Factory  
  30  3:19  SCV  
  33  3:25  SCV  
  34  3:30  Marine x2  
  34  3:31  SCV  
  36  3:36  Marine  
  36  3:40  SCV  
  38  3:43  SCV  
  38  3:44  Barracks Tech Lab  
  33  3:48  Supply Depot  
  33  3:49  Marine x2  
  33  3:53  Marine  
  29  4:05  Starport, Marine  
  29  4:06  Marine x2  
  32  4:14  SCV x2  
  34  4:30  SCV  
  34  4:31  SCV, Engineering Bay  
  36  4:35  Factory Reactor  
  32  4:43  SCV  
  32  4:44  Orbital Command  
  33  4:49  Medivac  
  33  4:52  Barracks Tech Lab  
  29  5:00  SCV, Missile Turret  
  28  5:09  SCV  
  28  5:11  Missile Turret  
  28  5:13  Marine x2  
Tags
 
Add a new tag
Caveats
  • Supply blocks, unpowered buildings, or Contaminate may cause inaccurate times.
  • Supply counts are checked every 10 seconds.